 Dungeon Crawl Stone Soup version 0.30-a0-509-gd016549fea (webtiles) character file.

Game seed: 2463309517333136414

10861 Raultor the Transmogrifier (level 11, -1/88 HPs)
             Began as an Octopode Transmuter on Dec 22, 2022.
             Was a Priest of the Shining One.
             Slain by a death yak (21 damage)
             ... on level 11 of the Dungeon.
             The game lasted 00:30:27 (12920 turns).

Raultor the Transmogrifier (Octopode Transmuter)   Turns: 12920, Time: 00:30:27

Health: -1/88      AC: 13    Str:  9    XL:     11   Next: 68%
Magic:  8/19       EV: 10    Int: 19    God:    the Shining One [***...]
Gold:   586        SH:  0    Dex: 14    Spells: 0/21 levels left

rFire   x . .      SeeInvis +      - Unarmed
rCold   + + +      Faith    .    (shield currently unavailable)
rNeg    + . .      Spirit   .    (helmet currently unavailable)
rPois   +          Reflect  .    (no amulet)
rElec   .          Harm     .    C - ring of protection from cold
rCorr   .          Rampage  .    v - ring of see invisible
Will    .....                    Z - ring of wizardry
Stlth   +.........               z - ring of wizardry
HPRegen 0.34/turn                T - +4 ring of protection
MPRegen 0.16/turn                L - ring of flight
                                 c - ring of protection from cold
                                 (no ring)

@: ice-form, flying, glowing, studying Axes
A: freezing attack, boosted hp, almost no armour, amphibious, 8 rings, large,
(camouflage 1), (gelatinous body 1), (nimble swimmer 1), (tentacles)
a: End Transformation, Renounce Religion, Divine Shield, Cleansing Flame


You were on level 11 of the Dungeon.
You worshipped the Shining One.
The Shining One was most pleased with you.
You were a creature of crystalline ice.
You visited 2 branches of the dungeon, and saw 12 of its levels.

You collected 849 gold pieces.
You spent 263 gold pieces at shops.


Innate Abilities, Weirdness & Mutations

You are a creature of crystalline ice.
You have a powerful freezing melee attack.
Your maximum health is increased.
Your armour is entirely melded.
You are incapable of wielding weapons or throwing items.
You cannot wear most types of armour.
You are amphibious.
You can wear up to eight rings at the same time.
((Your skin changes colour to match your surroundings (Stealth+).))
((Your rubbery body absorbs attacks. (AC +1, EV +1)))
((You are camouflaged when in or above water. (Stealth+)))
((You have tentacles for arms and can constrict up to eight enemies at once.))


   Skills:
 * Level 6.9 Fighting
 - Level 2.0 Dodging
 * Level 7.5 Unarmed Combat
 * Level 5.9 Spellcasting
 * Level 3.4 Hexes
 - Level 4.6 Summonings
 - Level 9.0 Transmutations
 - Level 6.8 Ice Magic
 + Level 3.3 Air Magic
 + Level 5.3 Invocations


You couldn't memorise any spells.
You knew the following spells:

 Your Spells              Type           Power      Damage    Failure   Level
a - Passwall              Tmut/Erth      18%        N/A       1%          2
b - Beastly Appendage     Tmut           78%        N/A       1%          1
c - Ice Form              Ice/Tmut       35%        N/A       1%          4
i - Swiftness             Air            18%        N/A       2%          3
t - Summon Ice Beast      Ice/Summ       27%        N/A       3%          4
v - Summon Mana Viper     Hex/Summ       21%        N/A       16%         5
w - Wereblood             Tmut           39%        N/A       1%          2

Your spell library contained the following spells:

 Spells                   Type           Power      Damage    Failure   Level
 Freeze                   Ice            100%       1d10      1%          1
 Shock                    Conj/Air       44%        1d5       1%          1
 Ensorcelled Hibernation  Hex/Ice        50%        N/A       1%          2
 Frozen Ramparts          Ice            62%        1d10      1%          3
 Spider Form              Tmut/Pois      22%        N/A       1%          3
 Hailstorm                Conj/Ice       18%        3d6       2%          3
 Magic Dart               Conj           20%        1d4       3%          1
 Searing Ray              Conj           10%        2d4       4%          2
 Airstrike                Air            9%         2d(2-18)  8%          4
 Stone Arrow              Conj/Erth      10%        3d7       10%         3
 Fulminant Prism          Conj/Hex       6%         3d7       16%         4
 Silence                  Hex/Air        9%         N/A       21%         5
 Passage of Golubria      Tloc           5%         N/A       28%         4
 Monstrous Menagerie      Summ           11%        N/A       96%         7
 Lehudib's Crystal Spear  Conj/Erth      2%         10d2      100%        8
 Animate Armour           Summ/Erth      Unusable   N/A       N/A         4

Inventory:

Missiles
 d - 2 throwing nets {=f}
Magical Staves
 b - a staff of death {!a}
Jewellery
 c - a ring of protection from cold (on tentacle)
 v - a ring of see invisible (right front paw)
 z - a ring of wizardry (on tentacle)
 C - a ring of protection from cold (left front paw)
 L - a ring of flight (on tentacle)
 T - a +4 ring of protection (on tentacle)
 Z - a ring of wizardry (on tentacle)
Wands
 y - a wand of mindburst (27)
 B - a wand of digging (4)
 E - a wand of flame (14)
 G - a wand of iceblast (6)
 K - a wand of polymorph (3)
Scrolls
 a - a scroll of amnesia {unknown}
 f - a scroll of brand weapon {unknown}
 g - 3 scrolls of immolation {unknown}
 h - 3 scrolls of teleportation {@r2}
 i - 3 scrolls of fear
 j - 3 scrolls of vulnerability {unknown}
 q - 2 scrolls of torment {unknown}
 s - 2 scrolls of blinking
 t - a scroll of summoning {unknown}
 w - 4 scrolls of poison {unknown}
 x - 3 scrolls of enchant armour {unknown}
 F - a scroll of noise {unknown}
 H - a scroll of magic mapping
Potions
 e - a potion of might
 k - 4 potions of curing {@q1}
 l - 3 potions of cancellation
 m - 2 potions of ambrosia {unknown}
 n - 2 potions of berserk rage {!q}
 o - 2 potions of brilliance
 p - a potion of magic
 r - 3 potions of haste {unknown}
 u - 2 potions of mutation
 A - 2 potions of attraction
 D - a potion of resistance
 J - 2 potions of lignification
 M - 2 potions of heal wounds {@q2}
Miscellaneous
 I - a phantom mirror

Dungeon Overview and Level Annotations

Branches:
Dungeon (11/15)            Temple (1/1) D:4
   Lair: D:8-11         Orc: D:9-12

Altars:
Ashenzari
Cheibriados
Dithmenos
Elyvilon
Fedhas
Gozag
Hepliaklqana
Kikubaaqudgha
Makhleb
Nemelex Xobeh
Okawaru
Qazlal
Ru
Sif Muna
Trog
Uskayaw
Vehumet
Wu Jian
Xom
Yredelemnul
Zin
The Shining One

Shops:
D:1 [   D:9 ?   D:11 [

Annotations:
Temple 2 transporters

#>..▒≈≈# #...#≈≈##.# ##
#...▒≈≈#..# #.###
#######...#≈##..##....
#.........# ##......#
#.######..####.#....#
#.................# .
.........<.##.#.§..#...#
##....####.YY.Y.Y.....#
#.... #.##.####......
#.[.. #.##.# ..... #...
..##.# .... #... ##.##.#
... #.##.# #. ..##.#
#.##.# #.#


You could see 2 death yaks and a friendly ice beast (summoned).


Message History

Your ice beast hits the death yak but does no damage.
The death yak gores you but does no damage.
Your mana viper bites the death yak.
Your ice beast hits the death yak but does no damage.
Your mana viper bites the death yak.
The death yak gores your mana viper!!
Your mana viper bites the death yak!
Your ice beast hits the death yak.
Your ice beast freezes the death yak!
Your mana viper bites the death yak but does no damage.
The death yak closely misses your mana viper.
The death yak attacks as you move away! The death yak gores you!
* * * LOW HITPOINT WARNING * * *
Your mana viper bites the death yak! x2
Your ice beast hits the death yak but does no damage.
The death yak gores your mana viper!
Your mana viper closely misses the death yak.
Your ice beast hits the death yak but does no damage.
The death yak gores your mana viper!!
Your mana viper dies!
Your mana viper disappears in a puff of smoke!
You punch the death yak! You freeze the death yak.
The death yak is moderately wounded.
Your ice beast hits the death yak but does no damage.
You punch the death yak! You freeze the death yak.
The death yak is heavily wounded.
The death yak gores you!
* * * LOW HITPOINT WARNING * * *
You hit the death yak. You freeze the death yak.
The death yak is heavily wounded.
The death yak gores you!!
You die...

Skill      XL: |  1  2  3  4  5  6  7  8  9 10 11 |
---------------+----------------------------------+-----
Ice Magic      | 1 2 3 4 5 6 |  6.8
Transmutations | 3 4 5 6 7 8 9 |  9.0
Fighting       | 2 3 4 5 6 |  6.9
Unarmed Combat | 4 5 6 7 |  7.5
Invocations    | 3 4 5 |  5.3
Summonings     | 3 4 |  4.6
Spellcasting   | 3 4 5 |  5.9
Air Magic      | 2 3 |  3.3
Hexes          | 3 |  3.4
Dodging        | |  2.0

Action                   |  1- 3 |  4- 6 |  7- 9 | 10-12 || total
-------------------------+-------+-------+-------+-------++-------
Melee: Unarmed           |    85 |    68 |   275 |   235 ||   663
       Constrict         |    27 |     6 |    10 |       ||    43
       Tentacles         |    17 |     9 |    10 |       ||    36
       Kick              |     4 |     9 |     5 |       ||    18
       Punch             |     1 |     1 |     1 |       ||     3
 Cast: Beastly Appendage |     3 |     4 |     2 |       ||     9
       Wereblood         |     1 |     1 |     3 |     4 ||     9
       Ice Form          |       |     3 |    32 |    28 ||    63
       Summon Ice Beast  |       |       |       |    11 ||    11
       Summon Mana Viper |       |       |       |     5 ||     5
Invok: Divine Shield     |       |       |       |     3 ||     3
Evoke: Wand              |       |       |     1 |       ||     1
  Use: Potion            |     1 |     1 |     2 |     2 ||     6
       Scroll            |       |       |     8 |     2 ||    10
 Stab: Sleeping          |    10 |     1 |       |       ||    11
Armor: Skin              |    10 |    17 |    80 |    74 ||   181
Dodge: Dodged            |    70 |    35 |   145 |    86 ||   336
Block: Other             |       |       |       |     8 ||     8

Levels and vault maps discovered:
D:1:      dpeg_arrival_rooms_with_view, layout_loops_ring, serial_shops,
          shop_statue
D:2:      layout_loops_ring
D:3:      layout_rooms, basic_ecumenical_altar
D:4:      layout_gridville, minmay_temple_entry_glass, st_stairs_8
D:5:      cheibrodos_quashed, layout_gridville, nrook_loot_triangle
D:6:      layout_basic, uniq_edmund
D:7:      layout_basic, trog_book
D:8:      cheibrodos_barr_body, layout_basic,
          mainiacjoe_overflow_catch_the_wave, uniq_prince_ribbit1
D:9:      layout_roguey, serial_shops, shop
D:10:     layout_layer_cave, nicolae_overflow_quartered_altars, uniq_lodul
D:11:     layout_basic, dpeg_lair_monsters, orc_0_dummy, serial_aquarium,
          aquarium_bridge_long_separate [aquarium_subvault_bridge,
          aquarium_subvault_balcony, aquarium_subvault_bridge,
          aquarium_subvault_bridge, aquarium_subvault_wall,
          aquarium_subvault_bridge], aquarium_window_1, aquarium_window_fake,
          aquarium_view_2d, minmay_shop_chei
Temple:   hellmonk_temple_divided_pantheon

Notes
Turn   | Place    | Note
-------+----------+-------------------------------------------
     0 | D:1      | Raultor the Octopode Transmuter began the quest for the
                  | Orb.
     0 | D:1      | Reached XP level 1. HP: 13/13 MP: 3/3
    74 | D:1      | Found Diqaahiw's Armour Emporium.
   195 | D:1      | Reached skill level 1 in Ice Magic
   195 | D:1      | Reached XP level 2. HP: 14/18 MP: 5/5
   625 | D:2      | Learned a level 2 spell: Wereblood
   813 | D:2      | Reached XP level 3. HP: 12/23 MP: 4/6
  1002 | D:2      | Reached skill level 3 in Transmutations
  1002 | D:2      | Reached skill level 2 in Ice Magic
  1362 | D:3      | Found a faded altar of an unknown god.
  1622 | D:3      | Reached XP level 4. HP: 23/28 MP: 4/7
  1882 | D:4      | Noticed a black bear
  1895 | D:4      | Killed a black bear
  1896 | D:4      | Reached skill level 4 in Transmutations
  1896 | D:4      | Reached skill level 3 in Ice Magic
  1896 | D:4      | Reached XP level 5. HP: 33/33 MP: 8/8
  2034 | D:4      | Reached XP level 6. HP: 33/38 MP: 9/9
  2127 | D:4      | Learned a level 4 spell: Ice Form
  2148 | D:4      | Reached skill level 4 in Ice Magic
  2231 | D:4      | Reached skill level 5 in Transmutations
  2492 | D:4      | Found a staircase to the Ecumenical Temple.
  2515 | Temple   | Entered the Ecumenical Temple
  2515 | Temple   | Found a transporter.
  2515 | Temple   | Found a transporter.
  2517 | Temple   | Found a transporter.
  2517 | Temple   | Found a transporter.
  2540 | Temple   | Became a worshipper of the Shining One
  2570 | D:4      | Reached XP level 7. HP: 43/43 MP: 6/10
  2708 | D:4      | Reached skill level 5 in Ice Magic
  2979 | D:5      | Entered Level 5 of the Dungeon
  3552 | D:5      | Reached skill level 6 in Transmutations
  3621 | D:5      | Reached skill level 2 in Fighting
  3621 | D:5      | Reached XP level 8. HP: 50/50 MP: 7/11
  4198 | D:6      | Noticed Edmund
  4224 | D:6      | Killed Edmund
  4225 | D:6      | Reached skill level 6 in Ice Magic
  4409 | D:6      | Reached skill level 4 in Unarmed Combat
  4724 | D:6      | Reached * piety under the Shining One
  4734 | D:6      | Reached skill level 7 in Transmutations
  4826 | D:6      | Reached skill level 3 in Fighting
  5054 | D:6      | Reached XP level 9. HP: 33/57 MP: 12/12
  5508 | D:7      | Noticed a hornet
  5778 | D:7      | Reached skill level 1 in Invocations
  5871 | D:7      | Found a bloodstained altar of Trog.
  6039 | D:7      | Reached skill level 1 in Summonings
  6529 | D:7      | Killed a hornet
  6683 | D:7      | Reached skill level 2 in Summonings
  6777 | D:7      | Learned a level 4 spell: Summon Ice Beast
  6924 | D:8      | Reached skill level 2 in Invocations
  7072 | D:8      | Reached skill level 8 in Transmutations
  7137 | D:8      | Found a sparkling altar of Nemelex Xobeh.
  7193 | D:8      | Reached skill level 5 in Unarmed Combat
  7196 | D:8      | Reached skill level 3 in Summonings
  7217 | D:8      | Reached skill level 4 in Fighting
  7253 | D:8      | Found a basalt altar of Yredelemnul.
  7333 | D:8      | Reached skill level 3 in Spellcasting
  7475 | D:8      | Noticed Prince Ribbit
  7492 | D:8      | Killed Prince Ribbit
  7929 | D:8      | Learned a level 3 spell: Swiftness
  7941 | D:8      | Reached skill level 3 in Invocations
  7941 | D:8      | Reached XP level 10. HP: 57/64 MP: 14/14
  7946 | D:8      | Reached skill level 4 in Summonings
  8070 | D:8      | Noticed a skeletal warrior
  8481 | D:8      | Killed a skeletal warrior
  8628 | D:9      | Reached ** piety under the Shining One
  8653 | D:8      | Reached skill level 9 in Transmutations
  8953 | D:9      | Found Rudd's Magic Scroll Emporium.
  8996 | D:9      | Reached skill level 5 in Fighting
  8996 | D:9      | Reached skill level 4 in Spellcasting
  8996 | D:9      | Reached skill level 1 in Air Magic
  9008 | D:9      | Bought a scroll of teleportation for 33 gold pieces
  9008 | D:9      | Bought a scroll of blinking for 82 gold pieces
  9008 | D:9      | Bought a scroll of fear for 44 gold pieces
  9008 | D:9      | Bought a scroll of magic mapping for 82 gold pieces
  9008 | D:9      | Bought a scroll of identify for 22 gold pieces
  9008 | D:9      | Identified a potion of resistance
  9086 | D:9      | HP: 2/79 [orc wizard/puff of flame (7)]
  9314 | D:9      | Reached skill level 6 in Unarmed Combat
  9314 | D:9      | Reached skill level 4 in Invocations
  9834 | D:10     | Entered Level 10 of the Dungeon
  9908 | D:10     | Reached skill level 2 in Air Magic
 10121 | D:10     | Reached XP level 11. HP: 34/72 MP: 15/18
 10210 | D:10     | Reached skill level 6 in Fighting
 10210 | D:10     | Reached skill level 1 in Hexes
 10383 | D:10     | Noticed Lodul
 10394 | D:10     | Reached skill level 5 in Spellcasting
 10396 | D:10     | Killed Lodul
 10408 | D:10     | Reached skill level 2 in Hexes
 10462 | D:10     | Found a snail-covered altar of Cheibriados.
 10758 | D:10     | Reached skill level 7 in Unarmed Combat
 11110 | D:10     | Found a shadowy altar of Dithmenos.
 11132 | D:10     | Found a sacrificial altar of Ru.
 11697 | D:10     | Found a shimmering altar of Xom.
 11751 | D:10     | Learned a level 5 spell: Summon Mana Viper
 12033 | D:11     | Reached skill level 5 in Invocations
 12086 | D:11     | Noticed a manticore
 12094 | D:11     | Killed a manticore
 12097 | D:11     | Reached skill level 3 in Air Magic
 12246 | D:11     | Noticed a cyclops
 12253 | D:11     | Killed a cyclops
 12254 | D:11     | Reached skill level 3 in Hexes
 12354 | D:11     | Reached *** piety under the Shining One
 12409 | D:11     | Learned a level 2 spell: Passwall
 12594 | D:11     | Found a snail-covered altar of Cheibriados.
 12594 | D:11     | Found Cheibriados's Comfort Zone.
 12629 | D:11     | Noticed a two-headed ogre
 12641 | D:11     | Killed a two-headed ogre
 12902 | D:11     | Noticed a death yak
 12904 | D:11     | Noticed a death yak
 12907 | D:11     | Noticed a death yak
 12912 | D:11     | Killed a death yak
 12920 | D:11     | Slain by a death yak

Vanquished Creatures
  A two-headed ogre (D:11)
  A death yak (D:11)
  A skeletal warrior (D:8)
  2 trolls
  A hornet (D:7)
  Prince Ribbit (D:8)
  3 vampires
  2 wyverns (D:8)
  7 yaks
  2 steam dragons
  Edmund (D:6)
  4 orc warriors
  A sky beast (D:5)
  An ice beast (D:5)
  2 black bears
  7 ogres (D:10)
  6 centaurs
  A phantom (D:4)
  3 kobold brigands
  2 bullfrogs (D:8)
  A gnoll sergeant (D:8)
  2 necrophages
  A scorpion (D:6)
  2 wights (D:8)
  9 killer bees (D:8)
  2 howler monkeys
  A jelly (D:6)
  5 hounds
  7 orc priests
  A gnoll bouda (D:7)
  8 iguanas
  14 orc wizards
  A hell rat (D:11)
  4 gnolls (D:7)
  3 adders
  A river rat (D:11)
  2 white imps (D:8)
  An ufetubus (D:6)
  A worm (D:4)
  2 dart slugs
  38 orcs
  5 bats
  3 endoplasms
  4 giant cockroaches
  5 goblins
  3 hobgoblins (D:4)
  5 quokkas
  6 ball pythons
  4 frilled lizards
  13 kobolds
  4 rats
207 creatures vanquished.

Vanquished Creatures (collateral kills)
  Lodul (D:10)
  A manticore (D:11)
  A cyclops (D:11)
  A kobold demonologist (D:11)
  2 trolls
  2 hell rats (D:11)
8 creatures vanquished.

Grand Total: 215 creatures vanquished

Table legend: (Time is in decaauts)
 A = Elapsed time spent in this place.
 B = Non-inter-level travel time spent in this place.
 C = Inter-level travel time spent in this place.
 D = Time resting spent in this place.
 E = Time spent auto-exploring this place.
 F = Levels seen in this place.
 G = Mean time per level.
                   A        B        C        D        E       F      G
               +--------+--------+--------+--------+--------+-----+--------+
         Total |  12861 |  12492 |    369 |    840 |   9766 |  12 | 1071.8 |
       Dungeon |  12815 |  12453 |    362 |    840 |   9766 |  11 | 1165.0 |
        Temple |     45 |     38 |      7 |      0 |      0 |   1 |   45.0 |
               +--------+--------+--------+--------+--------+-----+--------+

Top non-repeatable levels by time:
    D:10: 2122 daAuts
     D:8: 1912 daAuts
     D:7: 1359 daAuts
     D:6: 1294 daAuts
     D:5: 1121 daAuts
     D:9: 1094 daAuts
     D:4: 1092 daAuts
    D:11: 950 daAuts
     D:2: 717 daAuts
     D:1: 603 daAuts
     D:3: 545 daAuts
  Temple: 45 daAuts

Table legend:
 A = Non-vault XP
 B = Vault XP
 C = Vault XP percentage of total XP
 D = Non-vault monster count
 E = Vault monster count
 F = Vault count percentage of total count
                 A         B        C        D         E       F
            +---------+---------+-------+---------+---------+-------
      Total |   10708 |    4808 |  31.0 |     179 |      36 |  16.7
            +---------+---------+-------+---------+---------+-------
        D:1 |      15 |       3 |  16.7 |      10 |       2 |  16.7
        D:2 |      42 |       0 |   0.0 |      17 |       0 |   0.0
        D:3 |      58 |       0 |   0.0 |      11 |       0 |   0.0
        D:4 |     621 |       6 |   1.0 |      24 |       2 |   7.7
        D:5 |     660 |       0 |   0.0 |      14 |       0 |   0.0
        D:6 |     807 |     166 |  17.1 |      23 |       1 |   4.2
        D:7 |     719 |       0 |   0.0 |      14 |       0 |   0.0
        D:8 |    1161 |    2158 |  65.0 |      18 |      16 |  47.1
        D:9 |    2219 |       0 |   0.0 |      34 |       0 |   0.0
       D:10 |    1375 |    1566 |  53.2 |       6 |       8 |  57.1
       D:11 |    3031 |     909 |  23.1 |       8 |       7 |  46.7
            +---------+---------+-------+---------+---------+-------
